2865 views
Uploaded 2020-02-16 21:49:12
Game version 1.32 / 1.32.1
28:36 long 3on3 ladder game on (6)TimbermawHold
Saved by BEARAND
2865 views
Uploaded 2020-02-16 21:49:12
Game version 1.32 / 1.32.1
28:36 long 3on3 ladder game on (6)TimbermawHold


51 units @ 4.9k
/ 0.1k
234 buildings @ 12k
/ 5.7k



| Rod of Necromancy | 2 | 300 |
| Ritual Dagger | 2 | 250 |
| Orb of Corruption | 3 | 1125 |
| Sacrificial Skull | 1 | 50 |
| Boots of Speed | 3 | 750 |
| Staff of Teleportation | 1 | 150 |
| Circlet of Nobility | 3 | 525 |
| Periapt of Vitality | 1 | 325 |
| total: | 16 | 3475g |
| Acolyte | 13 | 975 | / | 0 |
| Ghoul | 4 | 480 | / | 0 |
| Obsidian Statue | 2 | 400 | / | 70 |
| total: | 19 | 1855g | / | 70w |
| Nerubian Tower | 2 | 200 | / | 40 |
| Crypt | 1 | 200 | / | 50 |
| Altar of Darkness | 1 | 180 | / | 50 |
| Ziggurat | 5 | 750 | / | 250 |
| Graveyard | 1 | 215 | / | 0 |
| Tomb of Relics | 2 | 260 | / | 60 |
| Necropolis | 1 | 225 | / | 0 |
| Slaughterhouse | 1 | 140 | / | 135 |
| Halls of the Dead | 3 | 960 | / | 630 |
| Black Citadel | 1 | 325 | / | 230 |
| total: | 12 | 1970g | / | 545w |
| 0:01 | Acolyte |
| 0:04 | Crypt |
| 0:06 | Acolyte |
| 0:19 | Altar of Darkness |
| 0:32 | Ziggurat |
| 0:56 | Graveyard |
| 1:08 | Ghoul |
| 1:20 | Tomb of Relics |
| 1:34 | Ghoul |
| 1:56 | Ghoul |
| 2:22 | Death Coil |
| 2:27 | Ghoul |
| 2:30 | Rod of Necromancy |
| 2:30 | Ritual Dagger |
| 3:54 | Halls of the Dead |
| 4:00 | Ziggurat |
| 4:26 | Halls of the Dead |
| 4:54 | Acolyte |
| 4:56 | Acolyte |
| 4:56 | Acolyte |
| 5:19 | Acolyte |
| 5:38 | Acolyte |
| 5:49 | Boots of Speed |
| 5:56 | Staff of Teleportation |
| 6:28 | Halls of the Dead |
| 6:34 | Unholy Aura |
| 8:07 | Ziggurat |
| 8:23 | Nerubian Tower |
| 9:10 | Black Citadel |
| 9:14 | Slaughterhouse |
| 9:41 | Rod of Necromancy |
| 9:41 | Ritual Dagger |
| 9:50 | Impale |
| 10:19 | Boots of Speed |
| 11:39 | Acolyte |
| 11:39 | Acolyte |
| 11:39 | Acolyte |
| 11:39 | Acolyte |
| 12:24 | Orb of Corruption |
| 12:51 | Acolyte |
| 12:52 | Acolyte |
| 13:07 | Carrion Swarm |
| 13:13 | Ziggurat |
| 14:26 | Nerubian Tower |
| 15:29 | Ziggurat |
| 15:32 | Tomb of Relics |
| 16:15 | Orb of Corruption |
| 16:44 | Boots of Speed |
| 16:45 | Circlet of Nobility |
| 16:53 | Death Coil |
| 16:54 | Spiked Carapace |
| 17:47 | Sacrificial Skull |
| 19:59 | Circlet of Nobility |
| 20:19 | Orb of Corruption |
| 21:15 | Vampiric Aura |
| 21:59 | Necropolis |
| 22:57 | Circlet of Nobility |
| 22:57 | Periapt of Vitality |
| 23:57 | Impale |
| 26:14 | Unholy Aura |
| 26:43 | Obsidian Statue |
| 26:43 | Obsidian Statue |
| 28:09 | Carrion Swarm |
| Right click | 2360 |
| Select group | 1723 |
| Assign group | 520 |
| Select | 230 |
| Build/train/purchase | 153 |
| Resource trade | 129 |
| Use ability | 102 |
| Misc. action | 29 |
| Chat | 8 |
| Item give/drop | 2 |
| Remove unit | 1 |
| Minimap ping | 1 |



| Staff of Sanctuary | 3 | 750 |
| Staff of Teleportation | 3 | 450 |
| Boots of Speed | 3 | 750 |
| Periapt of Vitality | 2 | 650 |
| Orb of Corruption | 3 | 1125 |
| Sacrificial Skull | 1 | 50 |
| total: | 15 | 3775g |
| Peasant | 14 | 1050 | / | 0 |
| Priest | 1 | 135 | / | 10 |
| total: | 15 | 1185g | / | 10w |
| Scout Tower | 192 | 5760 | / | 3840 |
| Arcane Tower | 8 | 560 | / | 400 |
| Guard Tower | 95 | 6650 | / | 4750 |
| Altar of Kings | 1 | 180 | / | 50 |
| Farm | 6 | 480 | / | 120 |
| Lumber Mill | 2 | 240 | / | 0 |
| Arcane Vault | 2 | 260 | / | 60 |
| Blacksmith | 1 | 140 | / | 60 |
| Barracks | 1 | 160 | / | 60 |
| Arcane Sanctum | 1 | 150 | / | 140 |
| Gryphon Aviary | 1 | 140 | / | 150 |
| Keep | 1 | 320 | / | 210 |
| Castle | 1 | 360 | / | 210 |
| total: | 207 | 7510g | / | 4480w |
| 0:08 | Altar of Kings |
| 0:11 | Peasant |
| 0:12 | Peasant |
| 0:18 | Peasant |
| 0:28 | Farm |
| 0:30 | Peasant |
| 0:39 | Peasant |
| 0:47 | Peasant |
| 0:49 | Farm |
| 0:58 | Lumber Mill |
| 1:08 | Peasant |
| 1:23 | Scout Tower |
| 1:25 | Scout Tower |
| 1:35 | Scout Tower |
| 1:42 | Scout Tower |
| 1:46 | Scout Tower |
| 1:50 | Scout Tower |
| 1:52 | Arcane Tower |
| 1:59 | Scout Tower |
| 2:00 | Arcane Tower |
| 2:03 | Scout Tower |
| 2:06 | Peasant |
| 2:07 | Peasant |
| 2:07 | Peasant |
| 2:07 | Peasant |
| 2:07 | Peasant |
| 2:07 | Peasant |
| 2:11 | Blizzard |
| 2:14 | Guard Tower |
| 2:16 | Scout Tower |
| 2:27 | Guard Tower |
| 2:38 | Guard Tower |
| 2:54 | Guard Tower |
| 2:55 | Scout Tower |
| 2:57 | Scout Tower |
| 2:58 | Scout Tower |
| 3:08 | Guard Tower |
| 3:10 | Scout Tower |
| 3:23 | Guard Tower |
| 3:23 | Scout Tower |
| 3:26 | Peasant |
| 3:50 | Guard Tower |
| 3:50 | Guard Tower |
| 3:51 | Scout Tower |
| 3:52 | Keep |
| 3:56 | Guard Tower |
| 3:57 | Guard Tower |
| 4:07 | Improved Masonry |
| 4:10 | Guard Tower |
| 4:11 | Scout Tower |
| 4:12 | Scout Tower |
| 4:13 | Scout Tower |
| 4:14 | Scout Tower |
| 4:15 | Scout Tower |
| 4:21 | Staff of Teleportation |
| 4:31 | Boots of Speed |
| 4:40 | Farm |
| 4:54 | Scout Tower |
| 4:55 | Scout Tower |
| 4:56 | Scout Tower |
| 4:56 | Scout Tower |
| 4:57 | Scout Tower |
| 4:57 | Scout Tower |
| 4:58 | Scout Tower |
| 4:58 | Scout Tower |
| 5:09 | Scout Tower |
| 5:09 | Scout Tower |
| 5:10 | Scout Tower |
| 5:11 | Scout Tower |
| 5:12 | Scout Tower |
| 5:13 | Scout Tower |
| 5:40 | Brilliance Aura |
| 5:41 | Guard Tower |
| 5:44 | Scout Tower |
| 5:45 | Scout Tower |
| 5:45 | Guard Tower |
| 5:47 | Guard Tower |
| 5:49 | Guard Tower |
| 5:51 | Scout Tower |
| 5:51 | Scout Tower |
| 5:55 | Guard Tower |
| 5:59 | Farm |
| 6:22 | Guard Tower |
| 6:25 | Guard Tower |
| 6:43 | Guard Tower |
| 6:47 | Guard Tower |
| 6:47 | Guard Tower |
| 7:01 | Guard Tower |
| 7:05 | Arcane Vault |
| 7:07 | Arcane Vault |
| 7:27 | Guard Tower |
| 7:38 | Storm Bolt |
| 7:50 | Guard Tower |
| 8:30 | Guard Tower |
| 8:32 | Scout Tower |
| 8:33 | Scout Tower |
| 8:33 | Scout Tower |
| 8:34 | Scout Tower |
| 8:35 | Scout Tower |
| 8:35 | Scout Tower |
| 8:37 | Scout Tower |
| 9:10 | Castle |
| 9:12 | Guard Tower |
| 9:13 | Guard Tower |
| 9:16 | Scout Tower |
| 9:16 | Scout Tower |
| 9:17 | Scout Tower |
| 9:17 | Scout Tower |
| 9:17 | Scout Tower |
| 9:18 | Scout Tower |
| 9:18 | Scout Tower |
| 9:19 | Scout Tower |
| 9:19 | Scout Tower |
| 9:20 | Scout Tower |
| 9:20 | Scout Tower |
| 9:20 | Scout Tower |
| 9:22 | Boots of Speed |
| 9:29 | Periapt of Vitality |
| 9:32 | Advanced Masonry |
| 9:46 | Guard Tower |
| 9:49 | Scout Tower |
| 9:50 | Scout Tower |
| 9:50 | Scout Tower |
| 9:52 | Scout Tower |
| 10:09 | Farm |
| 10:10 | Scout Tower |
| 10:10 | Scout Tower |
| 10:11 | Scout Tower |
| 10:24 | Scout Tower |
| 10:25 | Scout Tower |
| 10:26 | Scout Tower |
| 10:27 | Scout Tower |
| 10:28 | Guard Tower |
| 10:33 | Scout Tower |
| 10:34 | Scout Tower |
| 10:35 | Scout Tower |
| 10:36 | Scout Tower |
| 10:36 | Scout Tower |
| 10:37 | Scout Tower |
| 10:37 | Scout Tower |
| 10:37 | Scout Tower |
| 10:38 | Scout Tower |
| 10:38 | Scout Tower |
| 10:39 | Scout Tower |
| 10:40 | Scout Tower |
| 10:42 | Guard Tower |
| 10:50 | Guard Tower |
| 10:55 | Guard Tower |
| 10:58 | Arcane Sanctum |
| 11:01 | Guard Tower |
| 11:05 | Guard Tower |
| 11:08 | Guard Tower |
| 11:19 | Guard Tower |
| 11:35 | Staff of Teleportation |
| 11:46 | Arcane Tower |
| 11:46 | Guard Tower |
| 12:12 | Blizzard |
| 12:27 | Guard Tower |
| 12:28 | Guard Tower |
| 12:30 | Bash |
| 12:40 | Holy Light |
| 12:46 | Guard Tower |
| 12:50 | Guard Tower |
| 12:51 | Scout Tower |
| 12:52 | Scout Tower |
| 12:55 | Scout Tower |
| 12:56 | Scout Tower |
| 12:57 | Scout Tower |
| 12:57 | Guard Tower |
| 12:59 | Periapt of Vitality |
| 13:00 | Boots of Speed |
| 13:13 | Magic Sentry |
| 13:13 | Priest |
| 13:39 | Scout Tower |
| 13:39 | Scout Tower |
| 13:40 | Scout Tower |
| 13:41 | Guard Tower |
| 13:42 | Guard Tower |
| 13:44 | Scout Tower |
| 15:01 | Guard Tower |
| 15:02 | Imbued Masonry |
| 15:06 | Scout Tower |
| 15:07 | Scout Tower |
| 15:07 | Scout Tower |
| 15:07 | Scout Tower |
| 15:08 | Scout Tower |
| 15:08 | Scout Tower |
| 15:10 | Guard Tower |
| 15:14 | Staff of Sanctuary |
| 15:21 | Orb of Corruption |
| 15:26 | Staff of Sanctuary |
| 15:59 | Staff of Teleportation |
| 17:04 | Guard Tower |
| 17:48 | Guard Tower |
| 17:50 | Scout Tower |
| 17:51 | Scout Tower |
| 17:51 | Scout Tower |
| 17:51 | Scout Tower |
| 17:52 | Scout Tower |
| 17:52 | Scout Tower |
| 18:21 | Divine Shield |
| 19:15 | Staff of Sanctuary |
| 19:17 | Storm Bolt |
| 19:34 | Scout Tower |
| 19:35 | Scout Tower |
| 19:35 | Scout Tower |
| 19:35 | Scout Tower |
| 19:35 | Scout Tower |
| 19:36 | Scout Tower |
| 19:36 | Scout Tower |
| 19:36 | Scout Tower |
| 19:37 | Scout Tower |
| 19:37 | Scout Tower |
| 19:38 | Scout Tower |
| 19:38 | Scout Tower |
| 19:39 | Scout Tower |
| 19:40 | Orb of Corruption |
| 19:41 | Sacrificial Skull |
| 19:50 | Orb of Corruption |
| 19:54 | Brilliance Aura |
| 20:00 | Arcane Tower |
| 20:00 | Arcane Tower |
| 20:01 | Guard Tower |
| 20:28 | Guard Tower |
| 20:30 | Scout Tower |
| 20:30 | Scout Tower |
| 20:31 | Scout Tower |
| 20:31 | Scout Tower |
| 20:31 | Scout Tower |
| 20:32 | Scout Tower |
| 20:32 | Scout Tower |
| 20:33 | Scout Tower |
| 20:33 | Scout Tower |
| 20:33 | Scout Tower |
| 20:34 | Scout Tower |
| 20:34 | Scout Tower |
| 20:52 | Gryphon Aviary |
| 20:53 | Blacksmith |
| 20:54 | Barracks |
| 20:55 | Farm |
| 20:57 | Guard Tower |
| 20:58 | Scout Tower |
| 20:59 | Scout Tower |
| 20:59 | Scout Tower |
| 20:59 | Scout Tower |
| 21:01 | Scout Tower |
| 21:01 | Scout Tower |
| 21:02 | Scout Tower |
| 21:08 | Guard Tower |
| 21:13 | Scout Tower |
| 21:14 | Scout Tower |
| 21:14 | Scout Tower |
| 21:14 | Scout Tower |
| 21:15 | Scout Tower |
| 21:15 | Scout Tower |
| 21:15 | Scout Tower |
| 22:04 | Guard Tower |
| 22:56 | Guard Tower |
| 23:04 | Scout Tower |
| 23:05 | Scout Tower |
| 23:06 | Scout Tower |
| 23:07 | Scout Tower |
| 23:07 | Scout Tower |
| 23:08 | Scout Tower |
| 23:08 | Scout Tower |
| 23:09 | Scout Tower |
| 23:09 | Scout Tower |
| 23:10 | Scout Tower |
| 23:10 | Scout Tower |
| 23:12 | Scout Tower |
| 23:13 | Scout Tower |
| 23:14 | Scout Tower |
| 23:14 | Scout Tower |
| 23:15 | Scout Tower |
| 23:16 | Scout Tower |
| 23:21 | Lumber Mill |
| 23:41 | Guard Tower |
| 23:52 | Guard Tower |
| 24:39 | Animal War Training |
| 24:41 | Guard Tower |
| 24:43 | Guard Tower |
| 24:58 | Guard Tower |
| 25:01 | Scout Tower |
| 25:02 | Scout Tower |
| 25:03 | Scout Tower |
| 25:03 | Scout Tower |
| 25:30 | Guard Tower |
| 25:47 | Arcane Tower |
| 26:33 | Holy Light |
| 26:56 | Guard Tower |
| 26:57 | Arcane Tower |
| 26:57 | Arcane Tower |
| 27:00 | Scout Tower |
| 27:01 | Scout Tower |
| 27:01 | Scout Tower |
| 27:02 | Scout Tower |
| 27:09 | Guard Tower |
| 27:24 | Bash |
| 27:54 | Scout Tower |
| 27:54 | Scout Tower |
| 27:55 | Scout Tower |
| 27:55 | Scout Tower |
| 27:55 | Scout Tower |
| 27:56 | Scout Tower |
| 27:56 | Scout Tower |
| 27:57 | Scout Tower |
| 27:57 | Scout Tower |
| 27:57 | Scout Tower |
| 27:58 | Scout Tower |
| 27:58 | Scout Tower |
| 27:58 | Scout Tower |
| 27:59 | Scout Tower |
| 27:59 | Scout Tower |
| 27:59 | Scout Tower |
| 28:00 | Scout Tower |
| 28:00 | Scout Tower |
| 28:00 | Scout Tower |
| 28:01 | Scout Tower |
| 28:01 | Scout Tower |
| 28:02 | Scout Tower |
| 28:02 | Scout Tower |
| 28:02 | Scout Tower |
| 28:02 | Scout Tower |
| 28:03 | Scout Tower |
| 28:03 | Scout Tower |
| 28:31 | Brilliance Aura |
| Right click | 2726 |
| Select | 1026 |
| Select group | 422 |
| Build/train/purchase | 387 |
| Chat | 171 |
| Use ability | 115 |
| Minimap ping | 16 |
| Assign group | 9 |
| Item give/drop | 8 |
| Misc. action | 6 |
| Esc | 1 |



| Orb of Corruption | 2 | 750 |
| Staff of Teleportation | 3 | 450 |
| Boots of Speed | 4 | 1000 |
| Circlet of Nobility | 3 | 525 |
| Periapt of Vitality | 2 | 650 |
| Staff of Sanctuary | 4 | 1000 |
| total: | 18 | 4375g |
| Acolyte | 7 | 525 | / | 0 |
| Ghoul | 8 | 960 | / | 0 |
| Obsidian Statue | 2 | 400 | / | 70 |
| total: | 17 | 1885g | / | 70w |
| Nerubian Tower | 2 | 200 | / | 40 |
| Spirit Tower | 3 | 435 | / | 120 |
| Altar of Darkness | 1 | 180 | / | 50 |
| Ziggurat | 7 | 1050 | / | 350 |
| Crypt | 1 | 200 | / | 50 |
| Graveyard | 1 | 215 | / | 0 |
| Tomb of Relics | 2 | 260 | / | 60 |
| Necropolis | 2 | 450 | / | 0 |
| Slaughterhouse | 1 | 140 | / | 135 |
| Halls of the Dead | 3 | 960 | / | 630 |
| Black Citadel | 1 | 325 | / | 230 |
| total: | 15 | 2495g | / | 645w |
| 0:03 | Acolyte |
| 0:03 | Acolyte |
| 0:07 | Altar of Darkness |
| 0:10 | Ziggurat |
| 0:32 | Crypt |
| 1:13 | Graveyard |
| 1:25 | Ziggurat |
| 1:34 | Ghoul |
| 1:36 | Ghoul |
| 1:58 | Ghoul |
| 2:07 | Death Coil |
| 2:16 | Ghoul |
| 2:21 | Nerubian Tower |
| 2:36 | Ghoul |
| 3:32 | Halls of the Dead |
| 3:46 | Staff of Teleportation |
| 3:46 | Boots of Speed |
| 3:47 | Circlet of Nobility |
| 3:59 | Ghoul |
| 4:51 | Unholy Aura |
| 4:56 | Ghoul |
| 4:56 | Ghoul |
| 4:59 | Ziggurat |
| 6:38 | Black Citadel |
| 6:56 | Frost Nova |
| 8:00 | Slaughterhouse |
| 8:01 | Spirit Tower |
| 8:05 | Ziggurat |
| 8:25 | Death Coil |
| 8:55 | Staff of Teleportation |
| 8:55 | Boots of Speed |
| 8:55 | Circlet of Nobility |
| 9:07 | Frost Armor |
| 9:30 | Tomb of Relics |
| 9:34 | Tomb of Relics |
| 9:45 | Acolyte |
| 9:53 | Acolyte |
| 10:10 | Acolyte |
| 10:10 | Acolyte |
| 10:11 | Acolyte |
| 10:37 | Carrion Swarm |
| 11:01 | Necropolis |
| 11:11 | Obsidian Statue |
| 11:11 | Obsidian Statue |
| 11:22 | Orb of Corruption |
| 11:38 | Orb of Corruption |
| 11:43 | Staff of Sanctuary |
| 11:55 | Staff of Sanctuary |
| 11:55 | Staff of Sanctuary |
| 14:29 | Necropolis |
| 14:35 | Halls of the Dead |
| 16:48 | Vampiric Aura |
| 17:39 | Frost Nova |
| 19:31 | Halls of the Dead |
| 19:34 | Ziggurat |
| 19:34 | Ziggurat |
| 20:09 | Staff of Teleportation |
| 20:09 | Boots of Speed |
| 20:10 | Periapt of Vitality |
| 20:30 | Spirit Tower |
| 20:41 | Spirit Tower |
| 21:17 | Unholy Aura |
| 22:37 | Staff of Sanctuary |
| 23:18 | Destroyer Form |
| 23:50 | Carrion Swarm |
| 25:21 | Circlet of Nobility |
| 25:21 | Boots of Speed |
| 25:25 | Periapt of Vitality |
| 25:46 | Ziggurat |
| 26:47 | Frost Armor |
| 28:52 | Nerubian Tower |
| Right click | 1927 |
| Select group | 1493 |
| Select | 262 |
| Build/train/purchase | 155 |
| Misc. action | 145 |
| Use ability | 119 |
| Resource trade | 102 |
| Chat | 31 |
| Assign group | 14 |
| Minimap ping | 13 |
| Item give/drop | 9 |
232 units @ 35.8k
/ 5.3k
60 buildings @ 9k
/ 4.2k


| Acolyte | 8 | 600 | / | 0 |
| Ghoul | 3 | 360 | / | 0 |
| Crypt Fiend | 10 | 2150 | / | 400 |
| Obsidian Statue | 2 | 400 | / | 70 |
| Meat Wagon | 17 | 3910 | / | 850 |
| Necromancer | 7 | 1015 | / | 140 |
| Frost Wyrm | 3 | 1155 | / | 360 |
| total: | 50 | 9590g | / | 1820w |
| Nerubian Tower | 1 | 100 | / | 20 |
| Crypt | 1 | 200 | / | 50 |
| Ziggurat | 9 | 1350 | / | 450 |
| Altar of Darkness | 1 | 180 | / | 50 |
| Graveyard | 1 | 215 | / | 0 |
| Tomb of Relics | 1 | 130 | / | 30 |
| Slaughterhouse | 1 | 140 | / | 135 |
| Temple of the Damned | 1 | 155 | / | 140 |
| Sacrificial Pit | 2 | 150 | / | 300 |
| Boneyard | 2 | 350 | / | 400 |
| Halls of the Dead | 1 | 320 | / | 210 |
| Black Citadel | 1 | 325 | / | 230 |
| total: | 19 | 2870g | / | 1555w |
| 0:02 | Acolyte |
| 0:11 | Acolyte |
| 0:21 | Crypt |
| 0:25 | Ziggurat |
| 0:35 | Altar of Darkness |
| 1:01 | Graveyard |
| 1:17 | Ziggurat |
| 1:29 | Ghoul |
| 1:49 | Ghoul |
| 2:01 | Ghoul |
| 2:22 | Crypt Fiend |
| 2:35 | Crypt Fiend |
| 2:39 | Death Coil |
| 3:02 | Crypt Fiend |
| 3:25 | Crypt Fiend |
| 3:48 | Crypt Fiend |
| 4:12 | Halls of the Dead |
| 4:36 | Ziggurat |
| 4:52 | Nerubian Tower |
| 4:56 | Creature Attack |
| 5:43 | Ziggurat |
| 5:52 | Unholy Aura |
| 6:00 | Crypt Fiend |
| 6:09 | Tomb of Relics |
| 6:24 | Crypt Fiend |
| 7:59 | Acolyte |
| 8:04 | Slaughterhouse |
| 8:09 | Temple of the Damned |
| 8:15 | Ziggurat |
| 8:20 | Frost Nova |
| 8:38 | Acolyte |
| 8:38 | Acolyte |
| 8:38 | Acolyte |
| 8:39 | Acolyte |
| 9:20 | Death Coil |
| 9:30 | Obsidian Statue |
| 9:31 | Meat Wagon |
| 9:31 | Meat Wagon |
| 9:34 | Necromancer Adept Training |
| 9:50 | Acolyte |
| 10:01 | Ziggurat |
| 10:04 | Ziggurat |
| 10:09 | Necromancer |
| 10:12 | Necromancer |
| 10:24 | Web |
| 10:55 | Skeletal Mastery |
| 10:58 | Necromancer |
| 11:05 | Meat Wagon |
| 12:32 | Meat Wagon |
| 12:32 | Meat Wagon |
| 12:32 | Meat Wagon |
| 13:12 | Sacrificial Pit |
| 14:57 | Meat Wagon |
| 14:58 | Meat Wagon |
| 14:58 | Meat Wagon |
| 14:58 | Meat Wagon |
| 14:58 | Meat Wagon |
| 16:16 | Necromancer |
| 16:16 | Necromancer |
| 16:16 | Necromancer |
| 16:16 | Necromancer |
| 16:22 | Sacrificial Pit |
| 16:28 | Black Citadel |
| 16:46 | Crypt Fiend |
| 16:46 | Crypt Fiend |
| 16:46 | Crypt Fiend |
| 18:35 | Meat Wagon |
| 18:35 | Meat Wagon |
| 19:58 | Obsidian Statue |
| 20:00 | Meat Wagon |
| 20:19 | Frost Armor |
| 20:22 | Ziggurat |
| 20:24 | Boneyard |
| 20:26 | Boneyard |
| 22:02 | Frost Wyrm |
| 22:05 | Frost Wyrm |
| 22:07 | Frost Wyrm |
| 24:38 | Freezing Breath |
| 24:43 | Ziggurat |
| 25:30 | Improved Creature Attack |
| 25:30 | Creature Carapace |
| 25:51 | Meat Wagon |
| 25:51 | Meat Wagon |
| 25:51 | Meat Wagon |
| 25:55 | Unholy Aura |
| Right click | 1388 |
| Select group | 728 |
| Select | 358 |
| Build/train/purchase | 101 |
| Misc. action | 39 |
| Use ability | 32 |
| Assign group | 24 |
| Minimap ping | 12 |
| Chat | 4 |
| Remove unit | 3 |
| Item give/drop | 1 |


| Scroll of Regeneration | 2 | 200 |
| Lesser Clarity Potion | 2 | 140 |
| total: | 4 | 340g |
| Peasant | 15 | 1125 | / | 0 |
| Footman | 14 | 1890 | / | 0 |
| Priest | 9 | 1215 | / | 90 |
| Knight | 7 | 1715 | / | 420 |
| Gryphon Rider | 12 | 3360 | / | 840 |
| Spell Breaker | 2 | 430 | / | 60 |
| total: | 59 | 9735g | / | 1410w |
| Barracks | 1 | 160 | / | 60 |
| Altar of Kings | 1 | 180 | / | 50 |
| Farm | 11 | 880 | / | 220 |
| Arcane Vault | 1 | 130 | / | 30 |
| Blacksmith | 1 | 140 | / | 60 |
| Lumber Mill | 1 | 120 | / | 0 |
| Town Hall | 3 | 1155 | / | 615 |
| Arcane Sanctum | 1 | 150 | / | 140 |
| Gryphon Aviary | 1 | 140 | / | 150 |
| Keep | 1 | 320 | / | 210 |
| Castle | 1 | 360 | / | 210 |
| total: | 21 | 3055g | / | 1325w |
| 0:02 | Peasant |
| 0:08 | Barracks |
| 0:13 | Altar of Kings |
| 0:16 | Peasant |
| 0:24 | Farm |
| 0:30 | Peasant |
| 0:50 | Peasant |
| 1:05 | Peasant |
| 1:11 | Footman |
| 1:20 | Farm |
| 1:31 | Footman |
| 1:50 | Farm |
| 1:58 | Footman |
| 1:58 | Footman |
| 1:58 | Footman |
| 2:12 | Arcane Vault |
| 2:26 | Summon Water Elemental |
| 2:32 | Footman |
| 2:33 | Defend |
| 2:42 | Farm |
| 2:46 | Peasant |
| 4:05 | Scroll of Regeneration |
| 4:05 | Lesser Clarity Potion |
| 4:12 | Footman |
| 4:12 | Footman |
| 4:14 | Keep |
| 4:50 | Farm |
| 5:07 | Footman |
| 5:10 | Scroll of Regeneration |
| 5:11 | Lesser Clarity Potion |
| 5:17 | Blacksmith |
| 5:48 | Brilliance Aura |
| 5:55 | Farm |
| 5:56 | Footman |
| 5:57 | Footman |
| 6:36 | Arcane Sanctum |
| 6:40 | Iron Forged Swords |
| 6:46 | Footman |
| 6:46 | Footman |
| 6:58 | Farm |
| 7:03 | Iron Plating |
| 7:53 | Priest |
| 7:53 | Priest |
| 7:55 | Priest Adept Training |
| 8:02 | Peasant |
| 8:03 | Peasant |
| 8:03 | Peasant |
| 8:06 | Lumber Mill |
| 8:40 | Summon Water Elemental |
| 9:00 | Castle |
| 9:07 | Priest |
| 9:09 | Footman |
| 9:45 | Black Arrow |
| 10:44 | Town Hall |
| 10:56 | Steel Plating |
| 11:22 | Gryphon Aviary |
| 12:50 | Knight |
| 12:50 | Animal War Training |
| 12:54 | Priest |
| 12:55 | Priest Master Training |
| 12:58 | Gryphon Rider |
| 12:58 | Gryphon Rider |
| 13:27 | Knight |
| 13:29 | Priest |
| 15:27 | Knight |
| 15:28 | Knight |
| 15:29 | Priest |
| 15:29 | Priest |
| 15:30 | Priest |
| 15:31 | Gryphon Rider |
| 15:40 | Peasant |
| 15:40 | Peasant |
| 15:54 | Peasant |
| 15:55 | Peasant |
| 16:00 | Peasant |
| 16:00 | Peasant |
| 17:50 | Spell Breaker |
| 17:52 | Storm Hammers |
| 19:08 | Gryphon Rider |
| 19:09 | Studded Leather Armor |
| 19:10 | Steel Forged Swords |
| 19:15 | Priest |
| 19:16 | Spell Breaker |
| 19:53 | Gryphon Rider |
| 20:40 | Farm |
| 20:40 | Farm |
| 20:42 | Farm |
| 20:43 | Farm |
| 20:49 | Reinforced Leather Armor |
| 21:53 | Gryphon Rider |
| 21:53 | Gryphon Rider |
| 21:54 | Knight |
| 21:59 | Gryphon Rider |
| 23:07 | Knight |
| 24:59 | Knight |
| 25:01 | Gryphon Rider |
| 25:01 | Gryphon Rider |
| 25:26 | Town Hall |
| 26:11 | Dragonhide Armor |
| 26:11 | Mithril Forged Swords |
| 26:35 | Brilliance Aura |
| 26:49 | Town Hall |
| 26:53 | Gryphon Rider |
| 26:53 | Gryphon Rider |
| Right click | 1560 |
| Select | 692 |
| Build/train/purchase | 155 |
| Select group | 120 |
| Misc. action | 64 |
| Assign group | 16 |
| Use ability | 7 |
| Minimap ping | 2 |
| Remove unit | 1 |


| Peon | 20 | 1500 | / | 0 |
| Grunt | 1 | 200 | / | 0 |
| Troll Headhunter | 40 | 5600 | / | 800 |
| Troll Berserker | 58 | 8120 | / | 1160 |
| Wind Rider | 4 | 1060 | / | 160 |
| total: | 123 | 16480g | / | 2120w |
| Watch Tower | 8 | 880 | / | 640 |
| Orc Burrow | 6 | 960 | / | 240 |
| Altar of Storms | 1 | 180 | / | 50 |
| Barracks | 2 | 360 | / | 100 |
| War Mill | 1 | 205 | / | 0 |
| Great Hall | 1 | 385 | / | 185 |
| Beastiary | 1 | 145 | / | 140 |
| Stronghold | 1 | 315 | / | 190 |
| Fortress | 1 | 325 | / | 190 |
| total: | 20 | 3115g | / | 1355w |
| 0:08 | Peon |
| 0:08 | Peon |
| 0:08 | Peon |
| 0:08 | Peon |
| 0:09 | Peon |
| 0:09 | Peon |
| 0:09 | Peon |
| 0:29 | Orc Burrow |
| 0:43 | Altar of Storms |
| 1:19 | Barracks |
| 1:42 | Orc Burrow |
| 1:45 | Peon |
| 1:46 | Peon |
| 1:47 | Peon |
| 1:47 | Peon |
| 2:33 | War Mill |
| 2:40 | Grunt |
| 2:53 | Orc Burrow |
| 3:15 | Feral Spirit |
| 3:36 | Orc Burrow |
| 4:03 | Troll Headhunter |
| 4:03 | Troll Headhunter |
| 4:03 | Troll Headhunter |
| 4:03 | Troll Headhunter |
| 4:03 | Troll Headhunter |
| 4:12 | Barracks |
| 4:49 | Orc Burrow |
| 5:03 | Steel Ranged Weapons |
| 5:08 | Stronghold |
| 5:23 | Watch Tower |
| 5:33 | Troll Headhunter |
| 5:47 | Troll Headhunter |
| 6:01 | Troll Headhunter |
| 6:17 | Troll Headhunter |
| 6:43 | Troll Headhunter |
| 6:45 | Troll Headhunter |
| 8:02 | Orc Burrow |
| 8:24 | Great Hall |
| 9:00 | Watch Tower |
| 9:06 | Troll Headhunter |
| 9:06 | Troll Headhunter |
| 9:06 | Troll Headhunter |
| 9:09 | Troll Headhunter |
| 9:09 | Troll Headhunter |
| 9:10 | Troll Headhunter |
| 10:03 | Fortress |
| 10:07 | Thorium Ranged Weapons |
| 10:20 | Watch Tower |
| 10:27 | Troll Headhunter |
| 10:29 | Troll Headhunter |
| 10:59 | Peon |
| 10:59 | Peon |
| 10:59 | Peon |
| 10:59 | Peon |
| 11:45 | Peon |
| 11:46 | Peon |
| 11:46 | Peon |
| 11:50 | Troll Headhunter |
| 11:50 | Troll Headhunter |
| 11:50 | Troll Headhunter |
| 11:50 | Troll Headhunter |
| 12:46 | Watch Tower |
| 12:49 | Troll Headhunter |
| 12:49 | Troll Headhunter |
| 12:50 | Troll Headhunter |
| 12:52 | Troll Headhunter |
| 12:52 | Troll Headhunter |
| 12:52 | Troll Headhunter |
| 12:52 | Troll Headhunter |
| 12:52 | Troll Headhunter |
| 13:41 | Troll Headhunter |
| 13:43 | Troll Headhunter |
| 13:43 | Troll Headhunter |
| 13:44 | Troll Headhunter |
| 13:44 | Troll Headhunter |
| 13:44 | Troll Headhunter |
| 13:47 | Troll Headhunter |
| 13:47 | Troll Headhunter |
| 13:47 | Troll Headhunter |
| 13:58 | Watch Tower |
| 14:53 | Berserker Upgrade |
| 15:02 | Arcanite Ranged Weapons |
| 15:10 | Steel Armor |
| 15:30 | Watch Tower |
| 15:35 | Troll Berserker |
| 15:38 | Troll Berserker |
| 15:44 | Troll Berserker |
| 15:44 | Troll Berserker |
| 15:46 | Troll Berserker |
| 15:47 | Troll Berserker |
| 15:47 | Troll Berserker |
| 15:48 | Troll Berserker |
| 15:54 | Troll Berserker |
| 15:54 | Troll Berserker |
| 16:23 | Troll Berserker |
| 16:24 | Troll Berserker |
| 16:25 | Troll Berserker |
| 16:40 | Watch Tower |
| 17:55 | Troll Berserker |
| 17:55 | Troll Berserker |
| 17:55 | Troll Berserker |
| 17:55 | Troll Berserker |
| 17:55 | Troll Berserker |
| 17:55 | Troll Berserker |
| 17:56 | Troll Berserker |
| 17:57 | Troll Berserker |
| 17:57 | Troll Berserker |
| 17:57 | Troll Berserker |
| 18:09 | Watch Tower |
| 18:44 | Troll Berserker |
| 18:45 | Troll Berserker |
| 18:45 | Troll Berserker |
| 18:45 | Troll Berserker |
| 19:02 | Healing Wave |
| 19:44 | Beastiary |
| 19:48 | Troll Berserker |
| 20:45 | Troll Berserker |
| 20:45 | Troll Berserker |
| 20:45 | Troll Berserker |
| 20:46 | Troll Berserker |
| 21:03 | Wind Rider |
| 21:03 | Wind Rider |
| 21:03 | Wind Rider |
| 21:04 | Wind Rider |
| 21:07 | Troll Berserker |
| 21:07 | Troll Berserker |
| 21:07 | Troll Berserker |
| 21:07 | Troll Berserker |
| 22:05 | Troll Berserker |
| 22:05 | Troll Berserker |
| 22:05 | Troll Berserker |
| 22:06 | Troll Berserker |
| 22:06 | Troll Berserker |
| 22:09 | Troll Berserker |
| 22:09 | Troll Berserker |
| 22:46 | Troll Berserker |
| 22:48 | Troll Berserker |
| 23:29 | Troll Berserker |
| 23:29 | Troll Berserker |
| 23:29 | Troll Berserker |
| 23:29 | Troll Berserker |
| 23:34 | Troll Berserker |
| 23:34 | Troll Berserker |
| 23:59 | Troll Berserker |
| 23:59 | Troll Berserker |
| 23:59 | Troll Berserker |
| 26:21 | Troll Berserker |
| 27:32 | Peon |
| 27:34 | Peon |
| 27:37 | Troll Berserker |
| 27:38 | Troll Berserker |
| 27:38 | Troll Berserker |
| Right click | 323 |
| Select | 218 |
| Build/train/purchase | 143 |
| Resource trade | 10 |
| Use ability | 2 |
| Remove unit | 1 |
⇛